AoeStats
← mayazm3767

Arabia

509073955Analyzed
1v1 RM · 7d ago on Sep 25, 2026· 48m 40s· 2 players
Game mode
Random Map
Map size
Tiny (2 player)
Population
200
Speed
Normal
Resources
Standard
Victory
Conquest
Starting age
Dark Age
Ending age
Imperial Age
RankedLock teamsTeams togetherTeam positionsShared explorationLock speedFull tech treeHidden civsTurbo modeCheats
Victory
Defeat
🇨🇦 Britons · Canada
1216
+15
🇦🇺 Mongols · Australia
1187
-15
zeke.hodges000
6:51 Loom
8:58 Feudal Age
10:41 Double-Bit Axe
13:06 Horse Collar
22:12 Castle Age
23:16 Bow Saw
24:21 Elite Skirmisher
25:57 Stone Mining
27:00 Gold Mining
27:18 Town Watch
29:01 Wheelbarrow
30:12 Elite Skirmisher
30:17 Crossbowman
30:55 Fletching
31:05 Padded Archer Armor
33:38 Heavy Plow
35:14 Bodkin Arrow
35:34 Leather Archer Armor
35:45 Hand Cart
37:06 Thumb Ring
38:51 Ballistics
39:20 Husbandry
39:30 Bloodlines
38:41 Light Cavalry
39:55 Scale Barding Armor
40:01 Forging
42:50 Imperial Age
42:23 Chain Barding Armor
42:39 Iron Casting
42:57 Hussar
44:10 Bracer
46:00 Blast Furnace
44:25 Capped Ram
45:01 Heavy Camel Rider
mayazm3767
6:46 Loom
9:15 Feudal Age
9:58 Double-Bit Axe
22:20 Castle Age
21:00 Stone Mining
21:12 Fletching
21:50 Horse Collar
24:15 Bow Saw
25:20 Bodkin Arrow
26:13 Town Watch
33:29 Imperial Age
32:10 Wheelbarrow
32:10 Ballistics
33:06 Padded Archer Armor
33:11 Scale Barding Armor
33:36 Hand Cart
33:37 Forging
35:12 Chemistry
34:22 Husbandry
35:06 Heavy Plow
34:40 Light Cavalry
35:31 Gold Mining
35:53 Bracer
36:58 Gold Shaft Mining
37:27 Chain Barding Armor
37:55 Conscription
38:05 Leather Archer Armor
39:12 Plate Barding Armor
39:25 Elite Longbowman
40:27 Masonry
43:58 Ring Archer Armor
44:04 Iron Casting
44:30 Guard Tower
44:25 Cavalier
47:24 Siege Engineers
47:50 Architecture
Connection lost

Rejoining the realm…

Still unreachable

The connection could not be restored.

Session expired

The server has moved on; the page needs a fresh start.